 Dungeon Crawl Stone Soup version 0.24-a0-434-gd57e52fea8 (webtiles) character file.

Game seed: 2991412893010595084

54402 mhoghedin the Destroyer (level 14, -6/116 HPs)
             Began as a Green Draconian Conjurer on June 15, 2019.
             Was a High Priest of Vehumet.
             Mangled by a wolf spider (21 damage)
             ... on level 1 of the Spider Nest.
             The game lasted 01:02:07 (24519 turns).

mhoghedin the Destroyer (Green Draconian Conjurer) Turns: 24519, Time: 01:02:07

Health: -6/116     AC: 10    Str: 11    XL:     14   Next: 34%
Magic:  34/38      EV: 15    Int: 21    God:    Vehumet [*****.]
Gold:   1086       SH:  5    Dex: 11    Spells: 6/35 levels left

rFire    + . .     SeeInvis .   z - staff of conjuration {!a}
rCold    . . .     Gourm    +   v - +0 buckler
rNeg     . . .     Faith    .   (armour unavailable)
rPois    +         Spirit   .   I - +0 hat {MR+}
rElec    .         Reflect  .   m - +0 cloak
rCorr    .         Harm     .   n - +0 pair of gloves
MR       ++...                  (no boots)
Stlth    ++........             x - amulet of the gourmand {Gourm, !d}
HPRegen  0.29/turn              e - ring of flight {+Fly, !d}
MPRegen  0.26/turn              p - ring of magical power (curse) {MP+9}

@: no status effects
A: breathe noxious fumes, unfitting armour, stinger 1, fire resistance 1, sense
surroundings 1, poison resistance, wild magic 1, cold-blooded, AC +8
a: Breathe Noxious Fumes, Renounce Religion, Evoke Flight


You were on level 1 of the Spider Nest.
You worshipped Vehumet.
Vehumet was extremely pleased with you.
You were not hungry.

You visited 3 branches of the dungeon, and saw 17 of its levels.

You collected 1165 gold pieces.
You spent 79 gold pieces at shops.

Inventory:

Hand Weapons
 a - a +2 spear of piercing
   (You found it on level 2 of the Dungeon)
Missiles
 j - 5 throwing nets {=f, !d}
Armour
 i - a +1 hat
   (You found it on level 4 of the Dungeon)
 m - a +0 cloak (worn)
   (You took it off Crazy Yiuf on level 3 of the Dungeon)
 n - a +0 pair of gloves (worn)
   (You found it on level 7 of the Dungeon)
 v - a +0 buckler (worn)
   (You found it on level 6 of the Dungeon)
 I - a +0 hat of magic resistance (worn)
   (You took it off Gastronok on level 2 of the Lair of Beasts)
Magical Staves
 t - an uncursed staff of cold {rC+}
   (You took it off Fannar on level 2 of the Lair of Beasts)
 z - an uncursed staff of conjuration (weapon) {!a}
   (You acquired it on level 2 of the Lair of Beasts)
 G - an uncursed staff of fire {rF+}
   (You found it on level 10 of the Dungeon)
Jewellery
 e - a ring of flight (left hand) {+Fly, !d}
   (You found it on level 1 of the Dungeon)
 o - an uncursed amulet of faith {Faith, !P}
   (You found it on level 10 of the Dungeon)
 p - a cursed ring of magical power (right hand) {MP+9}
   (You found it on level 5 of the Dungeon)
 x - an amulet of the gourmand (around neck) {Gourm, !d}
   (You found it on level 7 of the Dungeon)
 Q - an uncursed ring of ice {rC+, rF-}
   (You took it off a spriggan on level 6 of the Lair of Beasts)
 S - an uncursed ring of resist corrosion
   (You found it on level 6 of the Lair of Beasts)
Wands
 g - a wand of digging (5)
   (You took it off Ijyb on level 3 of the Dungeon)
 w - a wand of enslavement (7)
   (You found it on level 3 of the Lair of Beasts)
 B - a wand of flame (9)
   (You took it off a big kobold on level 9 of the Dungeon)
 C - a wand of iceblast (10)
   (You took it off a wight on level 10 of the Dungeon)
 L - a wand of clouds (7)
   (You took it off a spriggan on level 6 of the Lair of Beasts)
 P - a wand of disintegration (20)
   (You took it off a spriggan on level 6 of the Lair of Beasts)
Scrolls
 c - 9 scrolls of remove curse
 d - 7 scrolls of teleportation
 l - 4 scrolls of enchant weapon
 y - a scroll of enchant armour {unknown}
 E - 2 scrolls of fear
 H - a scroll of brand weapon {unknown}
 J - a scroll of blinking {!r}
 K - a scroll of fog
 M - a scroll of amnesia
 N - a scroll of holy word {unknown}
 O - 3 scrolls of identify
Potions
 f - 12 potions of curing
 h - 2 potions of brilliance
 k - 5 potions of heal wounds
 q - 5 potions of flight
 r - a potion of cancellation
 s - a potion of lignification {!q}
 u - 2 potions of might
 A - 2 potions of haste
 D - a potion of degeneration {unknown}
 R - 2 potions of ambrosia
Miscellaneous
 F - a phial of floods
   (You found it on level 10 of the Dungeon)
Comestibles
 b - 26 rations


   Skills:
 + Level 8.8 Fighting
 - Level 4.0 Polearms
 + Level 7.7 Dodging
 - Level 1.7 Stealth
 - Level 5.0 Shields
 - Level 11.3 Spellcasting
 + Level 11.6 Conjurations
 - Level 11.0 Hexes
 - Level 3.0 Translocations
 - Level 6.0 Fire Magic
 - Level 6.0 Poison Magic


You had 6 spell levels left.
You knew the following spells:

 Your Spells              Type           Power        Failure   Level  Hunger
a - Fulminant Prism       Conj/Hex       #######...   1%          4    #......
b - Searing Ray           Conj           ######       1%          2    None
c - Dazzling Spray        Conj/Hex       ######       1%          3    None
d - Blink                 Tloc           N/A          4%          2    None
e - Force Lance           Conj/Tloc      ######..     1%          4    #......
f - Olgreb's Toxic Radia  Pois           #####...     2%          4    #......
g - Invisibility          Hex            ######..     14%         6    ######.
s - Sticky Flame          Conj/Fire      #######.     1%          4    #......

Your spell library contained the following spells:

 Spells                   Type           Power        Failure   Level  Hunger
 Airstrike                Air            ###.......   19%         4    #......
 Magic Dart               Conj           ####         1%          1    None
 Shock                    Conj/Air       ####         1%          1    None
 Ensorcelled Hibernation  Hex/Ice        #####.       1%          2    None
 Slow                     Hex            ######..     1%          2    None
 Conjure Flame            Conj/Fire      #######.     1%          3    None
 Mephitic Cloud           Conj/Pois/Air  ######..     1%          3    None
 Static Discharge         Conj/Air       ######..     1%          3    None
 Tukima's Dance           Hex            ######..     1%          3    None
 Iskenderun's Mystic Bla  Conj           #######.     1%          4    #......
 Apportation              Tloc           ####..       3%          1    None
 Lightning Bolt           Conj/Air       ######....   5%          5    ####...
 Lesser Beckoning         Tloc           ####......   8%          3    None
 Summon Butterflies       Summ           ###.....     10%         1    None
 Call Imp                 Summ           ###.....     13%         2    None
 Swiftness                Chrm/Air       ###.....     13%         2    None
 Darkness                 Hex            ######....   14%         6    ######.
 Silence                  Hex/Air        #####.....   22%         5    ####...
 Conjure Ball Lightning   Conj/Air       ######....   26%         6    ######.
 Alistair's Intoxication  Tmut/Pois      ####....     50%         5    ####...
 Summon Lightning Spire   Summ/Air       ###.....     58%         4    #......
 Borgnjor's Vile Clutch   Necr/Erth      ###.......   89%         5    ####...
 Deflect Missiles         Chrm/Air       ###.......   100%        6    ######.
 Shadow Creatures         Summ           N/A          100%        6    ######.
 Tornado                  Air            ###.......   100%        9    #######


Dungeon Overview and Level Annotations

Branches:
Dungeon (10/15)            Temple (0/1) D:7            Lair (6/6) D:10
 Shoals (0/4) Lair:4       Spider (1/4) Lair:3        Slime (0/5) Lair:6
    Orc (0/2) D:10

Altars:
Fedhas
Gozag
Makhleb
Nemelex Xobeh
Qazlal
Uskayaw
Vehumet
Wu Jian
The Shining One

Shops:
D:4 *   D:10 ?

Portals:
Trove: D:10 (give 6 potions of agility)


Innate Abilities, Weirdness & Mutations

You can breathe blasts of noxious fumes.
Your lurid green scales are hard. (AC +8)
You cannot fit into any form of body armour.
Your tail ends in a poisonous barb.
Your system is resistant to poisons. (rPois)
You are cold-blooded and may be slowed by cold attacks.
Your flesh is heat resistant. (rF+)
You passively map a small area around you.
Your spells are a little harder to cast, but a little more powerful.


Message History

You feel sick.
A wolf spider comes into view.
You feel sick.
The jumping spider leaps!
You take 1 damage, and have 54/116 hp.
You feel sick.
The wolf spider hisses angrily.
You take 1 damage, and have 53/116 hp.
The demonic crawler hits you. The demonic crawler closely misses you.
The demonic crawler hits you but does no damage.
There is a crawl-hole back to the Lair here.
You take 3 damage, and have 50/116 hp.
Aim: a wolf spider
Okay, then.
Unknown command.
Unknown command.
You feel sick.
The demonic crawler hits you but does no damage.
The demonic crawler misses you.
The demonic crawler hits you but does no damage.
The demonic crawler completely misses you.
The demonic crawler hits you. You block the demonic crawler's attack.
You climb upwards.
Welcome back to the Lair of Beasts!
You feel sick.
There is a hole to the Spider Nest here.
You take 5 damage, and have 45/116 hp.
Aim: a demonic crawler You feel a surge of power!
The lance of force hits the demonic crawler!
The demonic crawler is knocked back by the lance of force.
You feel sick.
You take 1 damage, and have 44/116 hp.
You now have 33/38 mp.
Aim: a demonic crawler (lightly wounded)
You feel a surge of power!
The lance of force hits the demonic crawler!
The demonic crawler is knocked back by the lance of force.
The demonic crawler slams into the rock wall!
You feel sick.
You now have 30/38 mp.
Aim: a demonic crawler (heavily wounded)
You feel a surge of power!
The lance of force hits the demonic crawler!!
The demonic crawler is knocked back by the lance of force.
The demonic crawler slams into the rock wall!
You kill the demonic crawler!
Vehumet accepts your kill.
You now have 26/38 mp.
You start resting.
You feel sick. x8
You are no longer poisoned.
You take 1 damage, and have 43/116 hp.
You regained 6 mp, and now have 32/38 mp.
You start resting.
Health restored: 116; MP restored: 38 Unknown command.
You climb downwards.
Welcome back to the Spider Nest!
This branch contains the gossamer rune of Zot.
A demonic crawler comes into view.
The jumping spider leaps!
The redback closely misses you.
The wolf spider hits you but does no damage.
The wolf spider closely misses you. You block the redback's attack.
There is a crawl-hole back to the Lair here.
You feel a surge of power!
You conjure a prism of explosive energy!
The jumping spider hisses angrily.
The demonic crawler gives a hideous shriek!
You hear an angry hiss.
The wolf spider hits you! You block the wolf spider's attack.
The redback barely misses you. The wolf spider hits you!
The wolf spider barely misses you.
You take 29 damage, and have 87/116 hp.
MASSIVE DAMAGE!!
You now have 34/38 mp.
An orb spider comes into view.
The orb spider hisses angrily.
The orb spider begins to weave its threads into a brightly glowing ball.
The wolf spider hits you. The wolf spider bites you.
The redback barely misses you.
Your fulminant prism crackles loudly.
You take 9 damage, and have 78/116 hp.
The wolf spider hits you! The wolf spider barely misses you.
The redback closely misses you.
The jumping spider leaps!
The wolf spider hits you! The wolf spider bites you. The wolf spider hits you!!
* * * LOW HITPOINT WARNING * * *
The wolf spider misses you.
The blast of energy engulfs the demonic crawler!!
The blast of energy engulfs the redback!!
You kill the redback!
Vehumet accepts your kill.
You feel your power returning.
The blast of energy engulfs the wolf spider!!
You hear an angry hiss. x2
You take 59 damage, and have 19/116 hp.
MASSIVE DAMAGE!!
You regained 3 mp, and now have 37/38 mp.
You feel a surge of power!
You conjure a prism of explosive energy!
The wolf spider closely misses you. The wolf spider bites you.
* * * LOW HITPOINT WARNING * * *
The wolf spider closely misses you.
The wolf spider bites you but does no damage.
The wolf spider hits you!!
You die...

* ## , * #,,#.#*
#### ,..,#..##
#..### .#.#^#
#....#
.^..###....# *
.#,#.........## ,
*...#..#.#.....# ,
^..#..).s.#°#.#
..#.#...s@s..## ,
.#.s....#ss#..# ,
,
........#...*^..#
*
,#..............##
#...........#..# ,
.....#.###.#.####
, #..#s....(.#.#
..s#.#.##.#.### ,
#........#*


You could see a demonic crawler, 2 wolf spiders, an orb spider, 2 jumping
spiders and a friendly fulminant prism.

Vanquished Creatures
  Gastronok (Lair:2)
  Josephine (Lair:4)
  Fannar (Lair:2)
  Harold (D:7)
  5 hydras
  A two-headed ogre (D:10)
  4 oklob plants (Lair:6)
  2 wolf spiders (Spider:1)
  A manticore (Lair:4)
  14 elephants
  18 spiny frogs
  3 black mambas
  7 komodo dragons
  A demonic crawler (Lair:3)
  A jumping spider (Spider:1)
  7 polar bears
  2 trolls (D:9)
  4 hornets (Lair:6)
  2 dream sheep (Lair:6)
  20 blink frogs
  Grinder (D:3)
  7 hippogriffs
  Sigmund (D:4)
  11 redbacks
  4 wraiths (Lair:4)
  13 spriggans (Lair:6)
  2 tarantellas (Spider:1)
  3 wyverns
  Grum (D:9)
  7 basilisks
  31 yaks
  Menkaure (D:6)
  2 hungry ghosts
  19 water moccasins
  15 porcupines
  2 orc warriors
  Duvessa (D:4)
  4 ice beasts
  A phantom (D:9)
  2 black bears
  5 boggarts (Lair:6)
  19 wolves
  4 ogres
  4 centaurs
  13 crocodiles
  3 big kobolds
  Blork the orc (D:4)
  14 bullfrogs
  A gnoll sergeant (D:9)
  Dowan (D:4)
  A wyvern skeleton (D:10)
  A water moccasin skeleton (D:7)
  A scorpion (D:7)
  6 killer bees
  15 wights
  2 jellies (D:7)
  2 crimson imps
  A bullfrog zombie (D:9)
  A centaur zombie (D:9)
  A bullfrog skeleton (D:7)
  3 orc priests
  2 hounds
  Crazy Yiuf (D:3)
  4 orc wizards
  A centaur skeleton (D:7)
  4 iguanas
  Ijyb (D:3)
  Natasha (thrice) (D:3)
  11 worker ants
  Terence (D:3)
  A killer bee zombie (D:5)
  2 hound skeletons
  A worker ant zombie (D:8)
  Robin (D:4)
  15 gnolls
  15 adders
  A shadow imp (D:6)
  2 oozes
  An adder zombie (D:6)
  An adder skeleton (D:6)
  5 worms
  5 dart slugs
  7 leopard geckos
  31 orcs
  8 bats
  4 giant cockroaches
  19 goblins
  9 hobgoblins
  6 jackals
  8 quokkas
  2 ball pythons
  3 frilled lizards
  A jackal zombie (D:7)
  18 kobolds
  4 rats (D:1)
  8 fungi (Lair:6)
  3 plants (Lair:6)
532 creatures vanquished.

Vanquished Creatures (others)
  A bush (Lair:6)
  215 fulminant prisms
  34 fungi
  30 plants
280 creatures vanquished.

Grand Total: 812 creatures vanquished

Notes
Turn   | Place    | Note
-------+----------+-------------------------------------------
     0 | D:1      | mhoghedin the Draconian Conjurer began the quest for the
                  | Orb.
     0 | D:1      | Reached XP level 1. HP: 14/14 MP: 3/3
   169 | D:1      | Reached XP level 2. HP: 13/20 MP: 0/5
   325 | D:1      | Learned a level 2 spell: Searing Ray
   498 | D:1      | Reached XP level 3. HP: 26/26 MP: 2/7
   503 | D:1      | Learned a level 3 spell: Dazzling Spray
  1034 | D:2      | Reached skill level 3 in Spellcasting
  1149 | D:2      | Found a radiant altar of Vehumet.
  1180 | D:2      | Became a worshipper of Vehumet
  1187 | D:2      | Reached XP level 4. HP: 33/33 MP: 4/8
  1269 | D:2      | Reached skill level 5 in Conjurations
  1742 | D:2      | Reached XP level 5. HP: 17/38 MP: 0/10
  1743 | D:2      | HP: 2/38 [gnoll/+0 flail (13)]
  2306 | D:2      | Found an ornate altar of the Wu Jian Council.
  2751 | D:3      | Noticed Grinder
  2754 | D:3      | Noticed Terence
  2765 | D:3      | Killed Grinder
  2765 | D:3      | Reached skill level 4 in Spellcasting
  2765 | D:3      | Reached skill level 6 in Conjurations
  2765 | D:3      | Reached XP level 6. HP: 39/45 MP: 6/13
  2818 | D:3      | Killed Terence
  2841 | D:3      | Reached * piety under Vehumet
  2841 | D:3      | Offered knowledge of Flame Tongue by Vehumet.
  2958 | D:3      | Reached skill level 5 in Spellcasting
  3069 | D:3      | Noticed Natasha
  3082 | D:3      | HP: 9/45 [Natasha (7)]
  3083 | D:3      | Killed Natasha
  3326 | D:3      | Noticed Ijyb
  3333 | D:3      | Your scales start taking on a lurid green colour.
  3333 | D:3      | Reached XP level 7. HP: 50/50 MP: 9/14
  3333 | D:3      | Gained mutation: Your system is resistant to poisons.
                  | (rPois) [Green Draconian growth]
  3344 | D:3      | Killed Ijyb
  3420 | D:3      | Found a runed translucent door.
  3421 | D:3      | Noticed Crazy Yiuf
  3523 | D:3      | Noticed Natasha
  3531 | D:3      | Killed Natasha
  3629 | D:3      | Noticed Natasha
  3635 | D:3      | Killed Natasha
  3677 | D:3      | Killed Crazy Yiuf
  3728 | D:4      | Noticed Robin
  3815 | D:4      | Killed Robin
  3815 | D:4      | Reached skill level 1 in Hexes
  3836 | D:4      | Offered knowledge of Throw Frost by Vehumet.
  3836 | D:4      | Reached ** piety under Vehumet
  4042 | D:4      | Noticed Sigmund
  4064 | D:4      | Killed Sigmund
  4064 | D:4      | Reached skill level 7 in Conjurations
  4064 | D:4      | Reached skill level 2 in Hexes
  4088 | D:4      | Noticed Duvessa
  4089 | D:4      | Noticed Blork the orc
  4095 | D:4      | Noticed Dowan
  4096 | D:4      | Killed Blork the orc
  4107 | D:4      | Killed Duvessa
  4107 | D:4      | Reached XP level 8. HP: 52/57 MP: 4/16
  4117 | D:4      | Killed Dowan
  4117 | D:4      | Reached skill level 6 in Spellcasting
  4376 | D:4      | Found Wingax's Assorted Antiques.
  4379 | D:4      | Bought a scroll labeled XOGICWEENNY for 17 gold pieces
  4379 | D:4      | Bought a scroll labeled DISISKONIPH for 17 gold pieces
  4452 | D:4      | Found an opulent altar of Gozag.
  4455 | D:4      | Found a hide-covered altar of Uskayaw.
  4458 | D:4      | Found a glowing golden altar of the Shining One.
  4471 | D:4      | Learned a level 4 spell: Fulminant Prism
  4514 | D:5      | Entered Level 5 of the Dungeon
  4604 | D:5      | Found a stormy altar of Qazlal.
  4777 | D:5      | Found a blossoming altar of Fedhas.
  5122 | D:6      | Reached skill level 3 in Hexes
  5300 | D:6      | Reached skill level 2 in Dodging
  5315 | D:6      | Reached skill level 1 in Fighting
  5315 | D:6      | Reached skill level 1 in Polearms
  5315 | D:6      | Reached skill level 1 in Shields
  5353 | D:6      | Offered knowledge of Mephitic Cloud by Vehumet.
  5360 | D:6      | Noticed Menkaure
  5753 | D:6      | Killed Menkaure
  5753 | D:6      | Reached skill level 2 in Fighting
  5753 | D:6      | Reached skill level 2 in Polearms
  6116 | D:7      | Reached skill level 2 in Shields
  6195 | D:7      | Reached skill level 3 in Dodging
  6242 | D:7      | Noticed Harold
  6252 | D:7      | Reached XP level 9. HP: 68/68 MP: 13/18
  6262 | D:7      | Killed Harold
  6262 | D:7      | Reached skill level 4 in Fighting
  6262 | D:7      | Reached skill level 3 in Polearms
  6262 | D:7      | Reached skill level 3 in Shields
  6274 | D:7      | Reached *** piety under Vehumet
  6494 | D:7      | Learned a level 2 spell: Blink
  6499 | D:7      | Learned a level 4 spell: Force Lance
  6507 | D:7      | Reached skill level 4 in Dodging
  6870 | D:7      | Reached skill level 4 in Polearms
  6870 | D:7      | Reached skill level 4 in Shields
  7312 | D:7      | Reached skill level 1 in Translocations
  7349 | D:7      | Found a staircase to the Ecumenical Temple.
  7625 | D:7      | Reached skill level 8 in Conjurations
  7807 | D:8      | Reached skill level 4 in Hexes
  7807 | D:8      | Reached skill level 2 in Translocations
  7925 | D:8      | Offered knowledge of Sticky Flame by Vehumet.
  7952 | D:8      | Reached XP level 10. HP: 51/80 MP: 20/20
  8366 | D:8      | Reached skill level 7 in Spellcasting
  8374 | D:8      | Learned a level 4 spell: Sticky Flame
  8710 | D:8      | Reached **** piety under Vehumet
  8794 | D:8      | Reached skill level 3 in Translocations
  8974 | D:9      | Noticed Grum
  9195 | D:9      | HP: 18/80 [troll (12)]
  9198 | D:9      | HP: 6/80 [troll (9)]
  9205 | D:9      | Reached skill level 1 in Fire Magic
  9533 | D:9      | Found a burning altar of Makhleb.
  9692 | D:9      | HP: 18/80 [worker ant (5)]
  9692 | D:9      | Offered knowledge of Olgreb's Toxic Radiance by Vehumet.
  9692 | D:9      | Reached skill level 2 in Fire Magic
  9698 | D:9      | HP: 16/80 [poisoned by a worker ant]
  9704 | D:9      | HP: 15/80 [poisoned by a worker ant]
  9712 | D:9      | HP: 15/80 [poisoned by a worker ant]
  9722 | D:9      | Learned a level 4 spell: Olgreb's Toxic Radiance
 10043 | D:9      | Found a sparkling altar of Nemelex Xobeh.
 10060 | D:9      | Reached skill level 1 in Poison Magic
 10215 | D:9      | Reached skill level 2 in Poison Magic
 10237 | D:9      | Killed Grum
 10237 | D:9      | Reached skill level 3 in Poison Magic
 10356 | D:9      | Reached skill level 4 in Poison Magic
 10631 | D:9      | Reached skill level 5 in Poison Magic
 10909 | D:9      | Reached skill level 6 in Poison Magic
 11346 | D:10     | Entered Level 10 of the Dungeon
 11349 | D:10     | Noticed a two-headed ogre
 11362 | D:10     | Reached skill level 9 in Conjurations
 11379 | D:10     | HP: 19/80 [two-headed ogre/+0 dire flail (25)]
 11396 | D:10     | HP: 20/80 [crimson imp (2)]
 11415 | D:10     | Gained mutation: You passively map a small area around you.
                  | [potion of mutation]
 11415 | D:10     | Gained mutation: Your flesh is heat resistant. (rF+)
                  | [potion of mutation]
 11415 | D:10     | Gained mutation: Your spells are a little harder to cast,
                  | but a little more powerful. [potion of mutation]
 11968 | D:10     | Reached skill level 10 in Conjurations
 12010 | D:10     | Found Xabb's Magic Scroll Shop.
 12020 | D:10     | Bought a scroll of teleportation for 45 gold pieces
 12038 | D:10     | Killed a two-headed ogre
 12038 | D:10     | Reached XP level 11. HP: 76/85 MP: 21/21
 12266 | D:10     | Found a staircase to the Orcish Mines.
 12474 | D:10     | Reached skill level 5 in Hexes
 12480 | D:10     | Reached ***** piety under Vehumet
 12481 | D:10     | Offered knowledge of Conjure Ball Lightning by Vehumet.
 12481 | D:10     | Reached skill level 11 in Conjurations
 12733 | D:10     | Found a staircase to the Lair.
 13206 | D:10     | Found a portal to a secret trove of treasure.
 13266 | Lair:1   | Entered Level 1 of the Lair of Beasts
 13278 | Lair:1   | Reached skill level 3 in Fire Magic
 13410 | Lair:1   | Reached skill level 4 in Fire Magic
 13632 | Lair:1   | Reached skill level 5 in Fire Magic
 14070 | Lair:1   | Reached skill level 6 in Fire Magic
 15146 | Lair:2   | Reached skill level 5 in Fighting
 15400 | Lair:2   | Noticed an eight-headed hydra
 15421 | Lair:2   | Killed an eight-headed hydra
 15421 | Lair:2   | Reached skill level 5 in Dodging
 15648 | Lair:2   | Noticed a six-headed hydra
 15667 | Lair:2   | Killed a six-headed hydra
 15667 | Lair:2   | Reached skill level 6 in Fighting
 15667 | Lair:2   | Reached XP level 12. HP: 44/96 MP: 5/22
 15977 | Lair:2   | Noticed Gastronok
 16047 | Lair:2   | Killed Gastronok
 16047 | Lair:2   | Reached skill level 7 in Fighting
 16047 | Lair:2   | Reached skill level 6 in Dodging
 16162 | Lair:2   | Identified a scroll of acquirement
 16712 | Lair:2   | Noticed Fannar
 16723 | Lair:2   | Killed Fannar
 16753 | Lair:2   | Reached skill level 7 in Dodging
 16756 | Lair:2   | Reached skill level 8 in Fighting
 16984 | Lair:2   | Reached skill level 6 in Hexes
 17652 | Lair:3   | Reached skill level 7 in Hexes
 17652 | Lair:3   | Reached skill level 8 in Spellcasting
 17665 | Lair:3   | HP: 24/101 [fulminant prism[the player character] (28)]
 18345 | Lair:3   | Found a hole to the Spider Nest.
 18728 | Lair:4   | Noticed Josephine
 18740 | Lair:4   | Reached XP level 13. HP: 79/107 MP: 25/25
 18740 | Lair:4   | Killed Josephine
 18740 | Lair:4   | Reached skill level 8 in Hexes
 18848 | Lair:4   | Learned a level 6 spell: Invisibility
 19035 | Lair:4   | Found a staircase to the Shoals.
 19135 | Lair:4   | Found a burning altar of Makhleb.
 19158 | Lair:4   | Reached skill level 9 in Spellcasting
 19415 | Lair:4   | You fall into a shaft and drop 2 floors!
 19415 | Lair:6   | Entered Level 6 of the Lair of Beasts
 19503 | Lair:5   | Reached skill level 9 in Hexes
 19939 | Lair:5   | You fall into a shaft and drop 1 floor!
 20187 | Lair:6   | Found a staircase to the Slime Pits.
 20227 | Lair:6   | Reached skill level 10 in Spellcasting
 20233 | Lair:6   | HP: 8/107 [spiny frog (23)]
 20611 | Lair:6   | Reached skill level 10 in Hexes
 20628 | Lair:6   | HP: 18/107 [elephant (12)]
 21076 | Lair:6   | Offered knowledge of Airstrike by Vehumet.
 21102 | Lair:6   | Reached skill level 11 in Spellcasting
 21504 | Lair:6   | Gained mutation: Your tail ends in a poisonous barb. [Green
                  | Draconian growth]
 21504 | Lair:6   | Reached XP level 14. HP: 115/115 MP: 15/29
 22283 | Lair:6   | Reached skill level 11 in Hexes
 22906 | Lair:5   | Reached skill level 5 in Shields
 24048 | Spider:1 | Entered Level 1 of the Spider Nest
 24518 | Spider:1 | HP: 19/116 [wolf spider (23)]
 24519 | Spider:1 | Mangled by a wolf spider

Levels and vault maps discovered:
D:1:      dpeg_arrival_rooms_c, layout_basic
D:2:      layout_rooms, lemuel_coloured_pillars_altar, lemuel_crystal_altar,
          serial_co_window_serial, co_window_paths_a, co_window_corner_a,
          co_window_paths_b, co_window_paths_a, co_window_of_opportunity_a,
          co_window_paths_a, co_window_2corner, co_window_broadway_a,
          co_window_corner_b, co_window_sun, co_window_paths_d, glass_columns_c,
          glass_columns_a, st_stairs_6
D:3:      layout_basic, first_ration, minmay_strange_pillars,
          chequers_serial_rivers_marsh, minivault_5, uniq_grinder, uniq_ijyb,
          uniq_terence, uniq_natasha, uniq_crazy_yiuf_cottage
D:4:      layout_cave_pools, minmay_overflow_temple_star_quad, serial_shops,
          kennysheep_mini, uniq_sigmund, uniq_robin, uniq_duvessa,
          uniq_blork_the_orc
D:5:      layout_basic, grunt_qazlal_clouds, fedhas_altar_1
D:6:      layout_cave_pools, uniq_menkaure
D:7:      layout_basic, minmay_temple_entry_mist, uniq_harold
D:8:      layout_loops_ring
D:9:      layout_cross, nemelex_xobeh_ov_fountains_minmay,
          serial_co_window_serial, co_window_corner_a,
          co_window_of_opportunity_a, co_window_corner_a, co_window_corner_a,
          co_window_corner_a, co_window_corner_a, co_window_of_opportunity_a,
          co_window_corner_cb, co_window_broadway_c, co_window_unsneaky_path_b,
          co_window_of_opportunity_b, co_window_sun, co_window_paths_d,
          blue_anna_alchemist [blue_anna_fruit_fields, blue_anna_fruit_fields],
          serial_park_tiny_1, makhleb_heckhound_becter, uniq_grum
D:10:     layout_long_grid, minmay_lair_entry_grove, orc_0_dummy, serial_shops,
          shop, nicolae_trove_entry_crystal, chequers_serial_rivers_large_b,
          chequers_avenue
Lair:1:   layout_loops_ring, serial_bayou_shore_a
Lair:2:   layout_cave_pods, cheibrodos_lair_reptile_den, uniq_fannar,
          uniq_gastronok
Lair:3:   layout_regular_city, spider_nest_entry_rubble, guppyfry_lair_drakes
Lair:4:   layout_concentric_octagons, minmay_shoals_entry_beasts, basic_altar,
          grunt_megastairs_3, uniq_josephine
Lair:5:   layout_hall_layers
Lair:6:   minmay_lair_end_enchanted_forest, layout_small_grid,
          minmay_slime_entry_oklob_open
Spider:1: layout_spider_delve

Skill      XL: |  1  2  3  4  5  6  7  8  9 10 11 12 13 14 |
---------------+-------------------------------------------+-----
Spellcasting   | 3 4 5 6 7 8 11 | 11.3
Conjurations   | 5 6 7 8 10 11 | 11.6
Hexes          | 2 3 4 5 7 10 11 | 11.0
Dodging        | 3 4 5 7 |  7.7
Fighting       | 2 4 6 8 |  8.8
Polearms       | 2 4 |  4.0
Shields        | 2 4 5 |  5.0
Translocations | 2 3 |  3.0
Fire Magic     | 2 6 |  6.0
Poison Magic   | 6 |  6.0
Stealth        | |  1.7

Action                   |  1- 3 |  4- 6 |  7- 9 | 10-12 | 13-15 || total
-------------------------+-------+-------+-------+-------+-------++-------
Melee: Unarmed           |    13 |       |       |       |       ||    13
       Tailslap          |     1 |     4 |    32 |    23 |       ||    60
       Short sword       |     7 |       |       |       |       ||     7
       Spear             |     1 |    94 |   335 |   195 |       ||   625
       Staff             |       |       |       |    18 |       ||    18
 Cast: Magic Dart        |    75 |    29 |     7 |       |       ||   111
       Searing Ray       |       |     5 |     1 |     2 |       ||     8
       Dazzling Spray    |       |     1 |    12 |    11 |       ||    24
       Fulminant Prism   |       |       |    20 |   107 |    89 ||   216
       Force Lance       |       |       |    33 |    74 |    83 ||   190
       Olgreb's Toxic Ra |       |       |       |    28 |    10 ||    38
       Sticky Flame      |       |       |       |    46 |    19 ||    65
       Blink             |       |       |       |     3 |       ||     3
       Invisibility      |       |       |       |       |     2 ||     2
 Abil: Breathe Noxious F |       |       |     8 |     4 |     1 ||    13
Evoke: Wand              |       |       |       |     1 |       ||     1
       Phial of floods   |       |       |       |     1 |       ||     1
  Use: Potion            |       |     2 |       |     1 |       ||     3
       Scroll            |       |     4 |    12 |     7 |     4 ||    27
 Stab: Sleeping          |       |     2 |     3 |       |       ||     5
       Confused          |       |       |     4 |     1 |       ||     5
       Invisible         |       |       |     5 |     2 |       ||     7
  Eat: Chunk             |     1 |     1 |    21 |    59 |    20 ||   102
       Ration            |       |     2 |     4 |     2 |       ||     8
Armor: Skin              |     9 |    25 |   112 |   151 |    51 ||   348
Dodge: Dodged            |    31 |    58 |   212 |   299 |   138 ||   738
Block: Buckler           |       |       |    25 |    92 |    51 ||   168

Table legend:
 A = Non-vault XP
 B = Vault XP
 C = Vault XP percentage of total XP
 D = Non-vault monster count
 E = Vault monster count
 F = Vault count percentage of total count
                 A         B        C        D         E       F
            +---------+---------+-------+---------+---------+-------
      Total |   52918 |   24800 |  31.9 |     403 |     118 |  22.6
            +---------+---------+-------+---------+---------+-------
        D:1 |      67 |       0 |   0.0 |      30 |       0 |   0.0
        D:2 |     190 |       7 |   3.6 |      29 |       2 |   6.5
        D:3 |     230 |     405 |  63.8 |      22 |       6 |  21.4
        D:4 |     104 |     549 |  84.1 |       5 |      14 |  73.7
        D:5 |      82 |       0 |   0.0 |      12 |       0 |   0.0
        D:6 |     642 |     169 |  20.8 |      21 |       1 |   4.5
        D:7 |    1149 |    1023 |  47.1 |      20 |       1 |   4.8
        D:8 |    1665 |       0 |   0.0 |      42 |       0 |   0.0
        D:9 |    2172 |     582 |  21.1 |      35 |       5 |  12.5
       D:10 |    3848 |    1978 |  34.0 |      36 |      12 |  25.0
     Lair:1 |    4764 |       0 |   0.0 |      21 |       0 |   0.0
     Lair:2 |    5804 |    3876 |  40.0 |      20 |       8 |  28.6
     Lair:3 |    7206 |    1158 |  13.8 |      31 |       5 |  13.9
     Lair:4 |    2916 |    3714 |  56.0 |      12 |      12 |  50.0
     Lair:5 |    7583 |       0 |   0.0 |      24 |       0 |   0.0
     Lair:6 |   10500 |   11339 |  51.9 |      28 |      52 |  65.0
   Spider:1 |    3996 |       0 |   0.0 |      15 |       0 |   0.0
            +---------+---------+-------+---------+---------+-------

Levels and vault maps discovered:
D:1:      dpeg_arrival_rooms_c, layout_basic
D:2:      layout_rooms, lemuel_coloured_pillars_altar, lemuel_crystal_altar,
          serial_co_window_serial, co_window_paths_a, co_window_corner_a,
          co_window_paths_b, co_window_paths_a, co_window_of_opportunity_a,
          co_window_paths_a, co_window_2corner, co_window_broadway_a,
          co_window_corner_b, co_window_sun, co_window_paths_d, glass_columns_c,
          glass_columns_a, st_stairs_6
D:3:      layout_basic, first_ration, minmay_strange_pillars,
          chequers_serial_rivers_marsh, minivault_5, uniq_grinder, uniq_ijyb,
          uniq_terence, uniq_natasha, uniq_crazy_yiuf_cottage
D:4:      layout_cave_pools, minmay_overflow_temple_star_quad, serial_shops,
          kennysheep_mini, uniq_sigmund, uniq_robin, uniq_duvessa,
          uniq_blork_the_orc
D:5:      layout_basic, grunt_qazlal_clouds, fedhas_altar_1
D:6:      layout_cave_pools, uniq_menkaure
D:7:      layout_basic, minmay_temple_entry_mist, uniq_harold
D:8:      layout_loops_ring
D:9:      layout_cross, nemelex_xobeh_ov_fountains_minmay,
          serial_co_window_serial, co_window_corner_a,
          co_window_of_opportunity_a, co_window_corner_a, co_window_corner_a,
          co_window_corner_a, co_window_corner_a, co_window_of_opportunity_a,
          co_window_corner_cb, co_window_broadway_c, co_window_unsneaky_path_b,
          co_window_of_opportunity_b, co_window_sun, co_window_paths_d,
          blue_anna_alchemist [blue_anna_fruit_fields, blue_anna_fruit_fields],
          serial_park_tiny_1, makhleb_heckhound_becter, uniq_grum
D:10:     layout_long_grid, minmay_lair_entry_grove, orc_0_dummy, serial_shops,
          shop, nicolae_trove_entry_crystal, chequers_serial_rivers_large_b,
          chequers_avenue
Lair:1:   layout_loops_ring, serial_bayou_shore_a
Lair:2:   layout_cave_pods, cheibrodos_lair_reptile_den, uniq_fannar,
          uniq_gastronok
Lair:3:   layout_regular_city, spider_nest_entry_rubble, guppyfry_lair_drakes
Lair:4:   layout_concentric_octagons, minmay_shoals_entry_beasts, basic_altar,
          grunt_megastairs_3, uniq_josephine
Lair:5:   layout_hall_layers
Lair:6:   minmay_lair_end_enchanted_forest, layout_small_grid,
          minmay_slime_entry_oklob_open
Spider:1: layout_spider_delve

Table legend:
 A = Turns spent in this place as a percentage of turns spent in the entire game.
 B = Non-inter-level travel turns spent in this place as a percentage of non-inter-level travel turns spent in the entire game.
 C = Inter-level travel turns spent in this place as a percentage of turns spent in this place.
 D = Turns resting spent in this place as a percentage of non-inter-level travel turns spent in this place.
 E = Turns spent auto-exploring this place as a percentage of non-inter-level travel turns spent in this place.
 F = Non-inter-level travel turns spent in this place divided by the number of levels of this place that you've seen.
                   A       B       C       D       E      F
               +-------+-------+-------+-------+-------+----------------------
         Total | 100.0 | 100.0 |   2.8 |  41.9 |  39.7 | 1401.9
       Dungeon |  54.1 |  53.9 |   3.1 |  36.9 |  41.7 | 1285.5
          Lair |  45.1 |  45.3 |   2.5 |  47.7 |  37.7 | 1797.8
   Spider Nest |   0.8 |   0.8 |   0.5 |  54.5 |  12.0 | 191.0
               +-------+-------+-------+-------+-------+----------------------

Table legend:
 A = Kills in this place as a percentage of kills in entire the game.
 B = Kills by you in this place as a percentage of kills by you in the entire game.
 C = Kills by friends in this place as a percentage of kills by friends in the entire game.
 D = Other kills in this place as a percentage of other kills in the entire game.
 E = Experience gained in this place as a percentage of experience gained in the entire game.
 F = Experience gained in this place divided by the number of levels of this place that you have seen.
                   A       B       C       D       E      F
               +-------+-------+-------+-------+-------+----------------------
         Total | 100.0 | 100.0 |   N/A | 100.0 | 100.0 | 4571.6
       Dungeon |  56.2 |  56.0 |   N/A | 100.0 |  19.1 | 1486.2
          Lair |  40.9 |  41.1 |   N/A |   0.0 |  75.7 | 9810.0
   Spider Nest |   2.9 |   2.9 |   N/A |   0.0 |   5.1 | 3996.0
               +-------+-------+-------+-------+-------+----------------------
